[Event "*** Titled Tuesday Blitz"]
[Site "Chess.com"]
[Date "2018.01.02"]
[Round "4"]
[White "CookiesAndIceCream"]
[Black "LazarusIcarus"]
[Result "0-1"]
[WhiteElo "2042"]
[BlackElo "2253"]
[TimeControl "180+2"]
[EndTime "13:52:01 PST"]
[Termination "LazarusIcarus won by resignation"]

1. e4 c5 2. Nf3 d6 3. d4 cxd4 4. Nxd4 Nf6 5. Nc3 a6 6. Be3 e5 7. Nb3 Be7 8. f3 Be6 9. Qd2 O-O 10. O-O-O Qc7 11. g4 Rc8 12. g5 Nh5 13. Rg1 Nd7 14. Kb1 b5 15. Nd5 Bxd5 16. exd5 Nb6 17. Na5 Nxd5 18.
Qxd5 Qxa5 19. c4 Rab8 20. Bd3 g6 21. Rc1 Rd8 22. h4 Bf8 23. cxb5 axb5 24. Rc6 Nf4 25. Bxf4 exf4 26. h5 Bg7 27. hxg6 hxg6 28. Bxg6 Rd7 29. Be4 Qb4 30. Rc2 Qd4 31. Qxd4 Bxd4 32. Rg4 d5 33. Bf5 Re7 34. Rc1 Re2 35. Bc2 Rc8 36. g6 f5 37.
Rh4 Be3 38. Rch1 Rcxc2 0-1

[Event "*** Titled Tuesday Blitz"]
[Site "Chess.com"]
[Date "2018.01.02"]
[Round "4"]
[White "sandager"]
[Black "TheNomNomFactor"]
[Result "0-1"]
[WhiteElo "1970"]
[BlackElo "2393"]
[TimeControl "180+2"]
[EndTime "13:52:04 PST"]
[Termination "TheNomNomFactor won by resignation"]

1. e4 e5 2. Nf3 Nc6 3. Bb5 a6 4. Ba4 d6 5. O-O Bg4 6. h3 h5 7. d3 Qf6 8. Nbd2 g5 9. c3 Bd7 10. Re1 g4 11. hxg4 hxg4 12. Nh2 Rxh2 13. Kxh2 Qxf2 14.
Nf1 Qh4+ 15. Kg1 O-O-O 16. Be3 Nge7 17. Bf2 Qh7 18. Ng3 Ng6 19. Bxc6 Bxc6 20. Qxg4+ Bd7 21. Qh5 Qg7 22. Nf5 Qf6 23. Bh4 Nxh4 24. Qxh4 Qg6 25.
Qf2 Kb8 26. Re3 Qf6 27. Rf3 Qe6 28. b3 d5 29. Rf1 dxe4 30. dxe4 Qc6 31. b4 Be6 32.
Ne3 Qxe4 33. Qc2 Qc6 34. a3 Bh6 35. Nf5 Bf4 36. g3 Rd2 37. Qb1 Qb6+ 38. Kh1 Bxf5 39. Qxf5 Qh6+ 0-1

[Event "*** Titled Tuesday Blitz"]
[Site "Chess.com"]
[Date "2018.01.02"]
[Round "4"]
[White "ZapataCharlesS"]
[Black "gmmoranda"]
[Result "0-1"]
[WhiteElo "2628"]
[BlackElo "2739"]
[TimeControl "180+2"]
[EndTime "13:52:05 PST"]
[Termination "gmmoranda won by resignation"]

1. e4 c5 2. c3 d5 3. exd5 Qxd5 4. d4 Nf6 5. Nf3 e6 6. Qb3 Nc6 7. Bc4 Qe4+ 8. Be3 cxd4 9. Nbd2 Qg4 10. Nxd4 Be7 11.
Nxc6 bxc6 12. O-O O-O 13. h3 Qh5 14. Qd1 Qa5 15. b4 Qc7 16. Nb3 Nd5 17. Bd2 e5 18. Qe2 Nb6 19. Bd3 f5 20. f3 Kh8 21. Rfe1 Bf6 22. Rac1 Be6 23. c4 Rad8 24. Nc5 Bg8 25. a4 Nd7 26. Nxd7 Qxd7 27. Bc3 Qxd3 28. Qxd3 Rxd3 29.
Bxe5 Bxe5 30. Rxe5 g6 31. Re7 Rf7 32. Re8 Rc7 33.
b5 Kg7 34. Rce1 Rdd7 35. bxc6 Rxc6 36. R8e7+ Rxe7 37. Rxe7+ Bf7 38. Rxa7 Rxc4 39. g4 Kf6 40. g5+ Ke6 41. a5 Ra4 42. Kf2 Be8 43. Rxh7 Rxa5 44. f4 Ra4 45. Ke3 Re4+ 46. Kf3 Bc6 47. Rg7 Rc4+ 48. Kg3 Rc3+ 49. Kh4 Bg2 50. Re7+ Kd5 51.
Re5+ Kd4 52. Rd5+ Ke3 53. Kg3 Bxd5 0-1

[Event "*** Titled Tuesday Blitz"]
[Site "Chess.com"]
[Date "2018.01.02"]
[Round "4"]
[White "goingin33"]
[Black "TastyFrenchFries"]
[Result "0-1"]
[WhiteElo "2225"]
[BlackElo "2331"]
[TimeControl "180+2"]
[EndTime "13:52:06 PST"]
[Termination "TastyFrenchFries won by checkmate"]

1. e4 e6 2. d3 d5 3. Nd2 c5 4. Ngf3 Bd6 5. exd5 exd5 6. d4 cxd4 7. Nxd4 Ne7 8. N2f3 O-O 9. Bd3 h6 10. O-O Nbc6 11. h3 Re8 12. c3 Nxd4 13. Nxd4 Nc6 14. Be3 a6 15. Nxc6 bxc6 16. c4 Bc7 17. Qh5 d4 18. Bd2 Qd6 19. g3 c5 20. Rfe1 Bb7 21.
Qf5 g6 22. Qg4 Kg7 23. Qh4 g5 24. Bxg5 hxg5 25. Qxg5+ Kf8 26. Qh4 Re5 27. f4 Re3 28. Qh8+ Ke7 29. Qh4+ Kd7 30. Bf5+ Kc6 31. Rxe3 dxe3 32.
Re1 Kb6 33. Qg4 Qc6 34. Be4 Qxe4 35. Rxe3 Qg2# 0-1

[Event "*** Titled Tuesday Blitz"]
[Site "Chess.com"]
[Date "2018.01.02"]
[Round "4"]
[White "Kirill_Klukin"]
[Black "GMAkobianSTL"]
[Result "1-0"]
[WhiteElo "2467"]
[BlackElo "2659"]
[TimeControl "180+2"]
[EndTime "13:52:15 PST"]
[Termination "Kirill_Klukin won by checkmate"]

1. Nf3 d5 2. d4 Nf6 3. c4 e6 4. Nc3 c5 5. cxd5 exd5 6. g3 Nc6 7. Bg2 Be7 8. O-O O-O 9. Bg5 cxd4 10. Nxd4 h6 11. Bf4 Re8 12. Rc1 Bg4 13. h3 Bh5 14.
Nf5 Bb4 15. g4 Bxc3 16. Rxc3 Bg6 17. Nd6 Re7 18. Bxd5 Nxd5 19. Qxd5 Rxe2 20. Rb3 Qf6 21. Bg3 Rxb2 22. Bh4 Qxh4 23. Rxb2 Rd8 24. Rxb7 Qxh3 25. Qxc6 Qxg4+ 26. Qg2 Qe6 27. Rd1 Rxd6 28. Rxd6 Qxd6 29. Rxa7 Qd4 30. Ra3 Be4 31. Qf1 Bc6 32. Rg3 Qd5 33. f3 Qxa2 34. Qf2 Qb1+ 35. Kh2 Qf5 36. Qd4 Bxf3 37.
Qxg7# 1-0

[Event "*** Titled Tuesday Blitz"]
[Site "Chess.com"]
[Date "2018.01.02"]
[Round "4"]
[White "Firebullet"]
[Black "Msb2"]
[Result "0-1"]
[WhiteElo "2452"]
[BlackElo "2740"]
[TimeControl "180+2"]
[EndTime "13:52:17 PST"]
[Termination "Msb2 won by resignation"]

1. d4 Nf6 2. c4 c5 3. d5 b5 4. cxb5 a6 5. bxa6 g6 6. Nc3 Bg7 7. e4 O-O 8. Nf3 Qa5 9. Nd2 Bxa6 10. Bxa6 Qxa6 11. Qe2 d6 12. Qxa6 Nxa6 13. O-O Rfb8 14. Re1 Nb4 15. Re2 Nd3 16. Nc4 Rb4 17. Ne3 Nxe4 18. Nxe4 Rxe4 19. Kf1 Nxc1 20. Rxc1 Rxa2 21. Nc4 Rxe2 22. Kxe2 Bd4 23. Rc2 Kg7 24. f3 Kf6 25.
Kd3 Ra1 26. Re2 Bg1 27. h3 Rd1+ 28. Nd2 Ra1 29. Ne4+ Kg7 30. Ng5 Ra4 31. Kc2 Rc4+ 32. Kd1 Rd4+ 33. Rd2 h6 34. Ne4 f5 35. Nc3 Kf6 36.
Ne2 Rxd2+ 37. Kxd2 Bf2 38. Kd3 Ke5 39. Kc4 g5 40. b3 h5 41. h4 Bxh4 42. g3 Bxg3 43.
Nxg3 h4 44. Ne2 h3 45. f4+ gxf4 46. Ng1 Ke4 47. Nxh3 f3 48. Kc3 Ke3 0-1

[Event "*** Titled Tuesday Blitz"]
[Site "Chess.com"]
[Date "2018.01.02"]
[Round "4"]
[White "inegrepus"]
[Black "arna"]
[Result "1-0"]
[WhiteElo "2126"]
[BlackElo "2093"]
[TimeControl "180+2"]
[EndTime "13:52:18 PST"]
[Termination "inegrepus won on time"]

1. d4 d5 2. c4 c6 3. Nf3 Nf6 4. Nc3 dxc4 5. a4 Bf5 6. Ne5 e6 7. f3 Bb4 8. e4 Bxe4 9. fxe4 Nxe4 10. Bd2 Qxd4 11. Nxe4 Qxe4+ 12. Qe2 Bxd2+ 13. Kxd2 Qd5+ 14.
Kc2 Na6 15. Nxc4 O-O 16. Qe5 Rfd8 17. Be2 Nb4+ 18. Kb3 Nd3 19. Bxd3 Qxd3+ 20. Qc3 b5 21. Ne5 Qd5+ 22. Ka3 b4+ 23. Kxb4 Rab8+ 24. Ka3 Qd6+ 25.
b4 a5 26. Nxc6 axb4+ 27. Nxb4 Rdc8 28. Qb3 Rc7 29. Rhd1 Qe7 30. Rd4 Rbc8 31. Ka2 e5 32. Rd2 Rc4 33. Nd5 Qe6 34. Rad1 h6 35.
Nb6 1-0

[Event "*** Titled Tuesday Blitz"]
[Site "Chess.com"]
[Date "2018.01.02"]
[Round "4"]
[White "1e41-0"]
[Black "yosephtaher"]
[Result "1-0"]
[WhiteElo "2361"]
[BlackElo "2475"]
[TimeControl "180+2"]
[EndTime "13:52:21 PST"]
[Termination "1e41-0 won on time"]

1. d4 Nf6 2. c4 g6 3. Nc3 Bg7 4. e4 d6 5. Nge2 O-O 6. f3 c5 7. d5 e6 8. Ng3 exd5 9. cxd5 a6 10. a4 Nbd7 11. Be2 Rb8 12. O-O Qa5 13. Bd2 Qb4 14. Nb5 Qxb2 15. Bc3 Qxa1 16. Qxa1 axb5 17. Bxb5 Ne8 18.
Bxg7 Nxg7 19. f4 c4 20. Qd4 Nc5 21. e5 b6 22. exd6 Rd8 23. Qf6 Bf5 24. Nxf5 Nxf5 25. d7 Nxd7 26. Bxd7 Rxd7 27. g4 Nd6 28. f5 Re8 29. fxg6 hxg6 30. h3 b5 31. axb5 Nxb5 32. Qc6 Red8 33. Qxb5 c3 34. Qc4 Rxd5 35. Qxc3 Rd3 36.
Qf6 R8d7 37. Rf3 Rd2 38. Rf2 R2d3 39. Kg2 Re3 40. Rf3 Re2+ 41. Kg3 Re1 42. Qc3 Re8 43. Qc6 Rde7 44. h4 Rd8 45. Qf6 Rde8 46. h5 gxh5 47. Rf5 Re3+ 48. Kh4 1-0

[Event "*** Titled Tuesday Blitz"]
[Site "Chess.com"]
[Date "2018.01.02"]
[Round "4"]
[White "TheBigBoss04"]
[Black "Vamostodorecto"]
[Result "1-0"]
[WhiteElo "2487"]
[BlackElo "2357"]
[TimeControl "180+2"]
[EndTime "13:52:22 PST"]
[Termination "TheBigBoss04 won by resignation"]

1. b3 e5 2. Bb2 Nc6 3. e3 d6 4. d4 g6 5. h4 Nf6 6. Bb5 exd4 7. exd4 d5 8. Bxc6+ bxc6 9. Nf3 Bg7 10. Ne5 O-O 11.
Nd2 c5 12. Qf3 cxd4 13. Bxd4 Qe7 14. O-O-O c5 15. Bb2 Bb7 16. Rde1 Ne4 17. Nxe4 dxe4 18. Qg3 Rfe8 19. Nc4 Bxb2+ 20. Kxb2 a5 21. Qd6 a4 22. Qxe7 Rxe7 23. Re3 axb3 24. axb3 Bd5 25. Nb6 Bc6 26.
Nxa8 Bxa8 27. Ra1 Bd5 28. Ra5 Rc7 29. c4 Bb7 30. f3 f5 31. fxe4 Bxe4 32. Kc3 Bxg2 33.
Ra2 Be4 34. Rae2 Rb7 35. Rxe4 fxe4 36. Rxe4 Rf7 37. Re5 Rc7 38. b4 cxb4+ 39. Kxb4 Kf7 40. c5 Kf6 41. Rd5 h6 42. Kb5 g5 43. Kb6 Rc8 44. h5 g4 45. c6 g3 46. c7 g2 47. Rd1 Rg8 48. Rg1 Ke6 49. Rxg2 Rxg2 50. c8=Q+ Kf6 51.
Qc6+ 1-0

[Event "*** Titled Tuesday Blitz"]
[Site "Chess.com"]
[Date "2018.01.02"]
[Round "4"]
[White "timator"]
[Black "MateusViageiro"]
[Result "1-0"]
[WhiteElo "2323"]
[BlackElo "2171"]
[TimeControl "180+2"]
[EndTime "13:52:24 PST"]
[Termination "timator won on time"]

1. Nf3 Nf6 2. g3 b6 3. Bg2 Bb7 4. O-O e6 5. b3 c5 6. Bb2 Be7 7.
d3 O-O 8. Nbd2 d5 9. Qe1 Nc6 10. e4 dxe4 11. Nxe4 Nxe4 12. Qxe4 Bf6 13. Bxf6 Qxf6 14.
Ne5 Qxe5 15. Qxe5 Nxe5 16. Bxb7 Rab8 17. Bg2 Rfd8 18. Rfe1 Ng4 19. a4 a5 20. h3 Nf6 21. f4 Kf8 22. Kf2 Rd4 23. Re5 Rbd8 24. Bf3 Nd7 25. Re4 Nb8 26. Rae1 Na6 27. Bd1 Nb4 28.
Re5 Nd5 29. Ke2 Ke7 30. Kd2 Nb4 31. f5 R4d6 32. fxe6 Rxe6 33. Rxe6+ fxe6 34. Bg4 Rd6 35. Bf3 1-0

[Event "*** Titled Tuesday Blitz"]
[Site "Chess.com"]
[Date "2018.01.02"]
[Round "4"]
[White "ChristopherYoo"]
[Black "Aariow"]
[Result "1-0"]
[WhiteElo "2294"]
[BlackElo "2377"]
[TimeControl "180+2"]
[EndTime "13:52:26 PST"]
[Termination "ChristopherYoo won by resignation"]

1. e4 e5 2. Nf3 Nf6 3. Nxe5 d6 4. Nf3 Nxe4 5. Nc3 Nxc3 6. dxc3 Be7 7. Be3 Nc6 8. Qd2 Be6 9. b3 a5 10. a4 O-O 11.
O-O-O d5 12. Kb1 Bf6 13. Bg5 Ne5 14. Bxf6 Nxf3 15. Bxd8 Nxd2+ 16. Rxd2 Raxd8 17. g3 Rd6 18. Bg2 Rfd8 19. Rhd1 b6 20. h3 g5 21. Re1 Kg7 22. Re5 Kf6 23. Re3 d4 24. cxd4 Rxd4 25. Rxd4 Rxd4 26.
Kc1 c5 27. Rf3+ Ke5 28. Re3+ Kd6 29. c3 Rd5 30. Bxd5 Kxd5 31. h4 g4 32. h5 Kd6 33.
f3 gxf3 34. Rxf3 Bxb3 35. Rf6+ Be6 36. Rh6 Ke5 37. Rxh7 Kf6 38. Rh8 Kg5 39. h6 Bb3 40. h7 Kh6 41. Rb8 Kxh7 42. Rxb6 Bxa4 43. Ra6 Bd7 44.
Rxa5 c4 45. Rc5 Be6 46. Kd2 Kg6 47. Ke3 f5 48. Kf4 Kf6 49. Rc7 Bd5 50. Rc5 Be6 51.
Rc6 1-0

[Event "*** Titled Tuesday Blitz"]
[Site "Chess.com"]
[Date "2018.01.02"]
[Round "4"]
[White "51616516516"]
[Black "SquashMaestro"]
[Result "1-0"]
[WhiteElo "2074"]
[BlackElo "2242"]
[TimeControl "180+2"]
[EndTime "13:52:30 PST"]
[Termination "51616516516 won on time"]

1. d4 Nf6 2. c4 e6 3. Nc3 Bb4 4. Qc2 c5 5. dxc5 O-O 6. a3 Bxc5 7. Nf3 a5 8. Bf4 Nc6 9. e3 Qe7 10. Be2 d5 11. cxd5 exd5 12. O-O Bg4 13. Rad1 Rfd8 14.
Qb3 Be6 15. Nd4 h6 16. h3 Rac8 17. Bf3 Bxd4 18. exd4 g5 19. Bh2 g4 20. hxg4 Nxg4 21. Bg3 h5 22. Rfe1 Qg5 23. Qxb7 h4 24. Bc7 h3 25. g3 h2+ 26. Kg2 Qh5 27. Rh1 Ne7 28. Bxd8 Nf5 29. Bxg4 Qxg4 30. Rxh2 Rxd8 31. Qc7 Re8 32.
Qf4 Qg6 33. Rdh1 Kf8 34. Rh8+ Ke7 35. Qc7+ Bd7 36. Nxd5+ Ke6 37. Nf4+ 1-0

[Event "*** Titled Tuesday Blitz"]
[Site "Chess.com"]
[Date "2018.01.02"]
[Round "4"]
[White "Grebeniuk-S"]
[Black "RobertoJBM"]
[Result "0-1"]
[WhiteElo "2405"]
[BlackElo "2559"]
[TimeControl "180+2"]
[EndTime "13:52:31 PST"]
[Termination "RobertoJBM won on time"]

1. d4 d5 2. Nf3 c6 3. c4 Nf6 4. cxd5 cxd5 5. Nc3 Nc6 6. Bf4 Qb6 7. Na4 Qa5+ 8. Bd2 Qd8 9. Rc1 Ne4 10. e3 a6 11.
Bd3 Bg4 12. Nc5 Nxc5 13. Rxc5 e5 14. Rxc6 bxc6 15. dxe5 Qb6 16. O-O Qxb2 17. Qa4 Bd7 18. Rb1 Qa3 19. Qc2 Be7 20. Rb7 Qc5 21. Qb2 Qa3 22.
e6 Bxe6 23. Qxg7 Rf8 24. Bxh7 Qxa2 25. h3 Bd6 26. g3 Rb8 27. Rxb8+ Bxb8 28. Bb4 Kd7 29.
Qxf8 Qa1+ 30. Kh2 Bc7 31. Qe7+ Kc8 32. Bd6 Bd8 33. Qa7 f6 34. Nd4 Bxh3 0-1

[Event "*** Titled Tuesday Blitz"]
[Site "Chess.com"]
[Date "2018.01.02"]
[Round "4"]
[White "djogrodek1"]
[Black "TST2014"]
[Result "1-0"]
[WhiteElo "2452"]
[BlackElo "2306"]
[TimeControl "180+2"]
[EndTime "13:52:35 PST"]
[Termination "djogrodek1 won by checkmate"]

1. e4 c5 2. Nf3 Nc6 3. Bb5 g6 4. Bxc6 dxc6 5. d3 Bg7 6. h3 Nf6 7. Be3 b6 8. Nc3 O-O 9. a4 a5 10. Qd2 e5 11. Bh6 Qd6 12. Bxg7 Kxg7 13. g4 Be6 14.
Ne2 Rad8 15. b3 Qc7 16. Qc3 Nd7 17. Ng3 f6 18. Rg1 Kh8 19. Qd2 Qd6 20. Nh4 Qe7 21.
Ngf5 Bxf5 22. gxf5 g5 23. Nf3 Rg8 24. O-O-O c4 25.
dxc4 b5 26. cxb5 cxb5 27. Qd6 Qf7 28. axb5 a4 29. Kb2 axb3 30. cxb3 Nb8 31. Qxd8 Rxd8 32. Rxd8+ Kg7 33. Rc1 Qa7 34. Rc2 Nd7 35. Rdc8 Qa5 36. R8c7 Qxb5 37. Rd2 Qf1 38. Rdxd7+ Kh6 39. Rxh7# 1-0

[Event "*** Titled Tuesday Blitz"]
[Site "Chess.com"]
[Date "2018.01.02"]
[Round "4"]
[White "VeraNebolsina"]
[Black "DiamondCrusher22"]
[Result "1-0"]
[WhiteElo "2168"]
[BlackElo "1944"]
[TimeControl "180+2"]
[EndTime "13:52:35 PST"]
[Termination "VeraNebolsina won on time"]

1. e4 e5 2. Nf3 Nc6 3. Bb5 Nf6 4. d3 d6 5. h3 Bd7 6. c3 g6 7. O-O Bg7 8. Be3 O-O 9. Qc1 Nd4 10. Nxd4 exd4 11. Bxd7 dxe3 12. Ba4 exf2+ 13. Rxf2 c6 14. Nd2 Nh5 15. Nf1 Qb6 16. Qe3 Qxe3 17. Nxe3 b5 18. Bb3 a5 19. Raf1 d5 20. exd5 a4 21. Bd1 Ng3 22. dxc6 Nxf1 23. Kxf1 Rac8 24. Nd5 Rfe8 25. c7 Re5 26. Bf3 Bf8 27. d4 Re6 28. g4 Bd6 29. g5 Bxc7 30. Bg4 Rd6 31. Ne7+ Kg7 32. Nxc8 Rd8 33.
Na7 Rb8 34. a3 Rb6 35. Bd7 b4 36. axb4 Ra6 37. Nb5 Bg3 38. Rf3 Bh4 39. c4 Bxg5 40. c5 Bc1 41. c6 Bxb2 42. c7 a3 43. Nxa3 1-0

[Event "*** Titled Tuesday Blitz"]
[Site "Chess.com"]
[Date "2018.01.02"]
[Round "4"]
[White "Jospem"]
[Black "Babbelbox"]
[Result "0-1"]
[WhiteElo "2614"]
[BlackElo "2443"]
[TimeControl "180+2"]
[EndTime "13:52:38 PST"]
[Termination "Babbelbox won by resignation"]

1. e4 e6 2. d4 d5 3. Nc3 Bb4 4. e5 Ne7 5. a3 Bxc3+ 6. bxc3 c5 7. Nf3 b6 8. a4 Ba6 9. Bb5+ Bxb5 10. axb5 O-O 11. O-O Qc7 12. Qe2 Nd7 13. Bg5 Ng6 14.
h4 h6 15. Bc1 Rfc8 16. h5 Ne7 17. Ba3 Nb8 18. c4 a6 19. cxd5 Nxd5 20. dxc5 Nc3 21. Qe3 Nxb5 22. cxb6 Qb7 23. Bb4 Nd7 24. Ba5 Rc6 25.
Rab1 Rxc2 26. Rfd1 Ra2 27. Bb4 Nxb6 28. Qb3 Re2 29.
Bc5 Re4 30. Rd6 Nd5 31. Qc2 Rg4 32. Kh2 Nf4 33. Rg1 Rxg2+ 34. Rxg2 Qxf3 35. Rg3 Qxh5+ 36. Kg1 Ne2+ 37. Kg2 Nxg3 38. fxg3 Qxe5 39. Rd2 Rc8 40.
Bd6 Rxc2 0-1

[Event "*** Titled Tuesday Blitz"]
[Site "Chess.com"]
[Date "2018.01.02"]
[Round "4"]
[White "gmjlh"]
[Black "viktorskliarov"]
[Result "1-0"]
[WhiteElo "2596"]
[BlackElo "2420"]
[TimeControl "180+2"]
[EndTime "13:52:44 PST"]
[Termination "gmjlh won by resignation"]

1. e4 c5 2. Nf3 Nc6 3. Bb5 e6 4.
Bxc6 bxc6 5. O-O Ne7 6. Ng5 Ng6 7. f4 f6 8. Nh3 Bd6 9. f5 Ne5 10. Qh5+ Kf8 11. fxe6 dxe6 12. d3 Qe8 13. Qxe8+ Kxe8 14. b3 c4 15. d4 Ng4 16. Bf4 Bxf4 17. Nxf4 e5 18.
dxe5 Nxe5 19. Nd2 cxb3 20. axb3 Ke7 21. Ra5 Rd8 22. Nf3 Nxf3+ 23. gxf3 Rd2 24. Rf2 Rd1+ 25. Kg2 g5 26. Nd3 h5 27. h4 gxh4 28. Rxh5 h3+ 29. Kh2 Be6 30. Nf4 Rad8 31. Rh7+ Bf7 32. Nd3 Rb1 33.
Re2 a5 34. e5 Kf8 35. e6 Bxe6 36. Rxe6 Kg8 37. Rxh3 a4 38. bxa4 c5 39. Nxc5 Rd2+ 40. Kg3 Rg1+ 41. Kf4 Rxc2 42. Ne4 Kf7 43. Rxf6+ Kg7 44.
Rb6 Rc7 45. Rg3+ 1-0

[Event "*** Titled Tuesday Blitz"]
[Site "Chess.com"]
[Date "2018.01.02"]
[Round "4"]
[White "Muracle"]
[Black "krzyzan94"]
[Result "0-1"]
[WhiteElo "2497"]
[BlackElo "2612"]
[TimeControl "180+2"]
[EndTime "13:52:48 PST"]
[Termination "krzyzan94 won by checkmate"]

1. Nf3 Nf6 2. g3 g6 3. Bg2 Bg7 4. O-O O-O 5. d4 d6 6. b3 c5 7. Bb2 cxd4 8. Nxd4 Nfd7 9. c4 a6 10. Nc3 Ne5 11. Rc1 Nbc6 12. Nxc6 Nxc6 13. Ba1 Be6 14. Nd5 Bxa1 15. Rxa1 Rc8 16. Qd2 f6 17. Nf4 Bf7 18. Bd5 Qd7 19. Bxf7+ Rxf7 20. Rfd1 Ne5 21. Rac1 g5 22. Nd5 Qh3 23. f4 Ng4 24. e4 gxf4 25.
Nxf4 Qh6 26. Qe2 Ne5 27. Nd3 Rg7 28. Nxe5 fxe5 29. Rf1 Qg5 30. Rc3 Rf8 31. Rcf3 Rgf7 32. Rxf7 Rxf7 33. Rxf7 Kxf7 34. Qf1+ Kg7 35. Qf2 h5 36.
Qb6 Qc1+ 37. Kg2 Qc2+ 38. Kh3 Qxe4 39. Qd8 Qg4+ 40. Kg2 Qg5 41. Qd7 b6 42. Qc6 Qd2+ 43. Kh3 Qf2 44. Qc7 Kf6 45. Qd8 Kf7 46. Qh8 Qf5+ 47. Kg2 e4 48. Qb8 e3 49. Qxb6 Qf2+ 50. Kh3 Qf1+ 51. Kh4 e2 52. Qa5 Qf6+ 53. Kh3 Qe6+ 54.
Kh4 Qg4# 0-1

[Event "*** Titled Tuesday Blitz"]
[Site "Chess.com"]
[Date "2018.01.02"]
[Round "4"]
[White "Iball95"]
[Black "korason34"]
[Result "1-0"]
[WhiteElo "2584"]
[BlackElo "2324"]
[TimeControl "180+2"]
[EndTime "13:52:50 PST"]
[Termination "Iball95 won by checkmate"]

1. d4 Nf6 2. Bf4 d5 3. e3 e6 4. Nf3 Bd6 5. Bg3 O-O 6. Nbd2 c5 7. c3 Qc7 8. Bd3 Nbd7 9. O-O Bxg3 10. hxg3 e5 11.
dxe5 Nxe5 12. Nxe5 Qxe5 13. Nf3 Qh5 14. Nh2 Qe5 15.
Qa4 b6 16. Qf4 Qe7 17. Rfd1 Bb7 18. Nf3 Rfe8 19. a4 a6 20. a5 b5 21. b4 Ne4 22.
Bxe4 dxe4 23. Nh2 cxb4 24. cxb4 Rad8 25. Nf1 Ba8 26. g4 Qxb4 27. Qc7 Rc8 28. Qb6 Rc6 29. Qa7 Rd6 30. Ng3 g6 31. g5 Rd3 32. Ne2 Red8 33.
Rdc1 Qd6 34. Nf4 Rd2 35. Rc7 Rf8 36. Re7 b4 37. Ne6 Rd1+ 38. Rxd1 Qxd1+ 39. Kh2 Qd6+ 40. g3 b3 41. Nxf8 b2 42. Rxf7 Qe5 43. Rxh7 b1=Q 44.
Qf7# 1-0

[Event "*** Titled Tuesday Blitz"]
[Site "Chess.com"]
[Date "2018.01.02"]
[Round "4"]
[White "Maitreia"]
[Black "manubibi"]
[Result "1/2-1/2"]
[WhiteElo "2556"]
[BlackElo "2444"]
[TimeControl "180+2"]
[EndTime "13:53:01 PST"]
[Termination "Game drawn - insufficient material"]

1. c4 Nf6 2. g3 g6 3. Bg2 c6 4.
Nf3 Bg7 5. O-O O-O 6. d3 d5 7. Qb3 Nbd7 8. cxd5 cxd5 9. d4 e6 10.
Nc3 Ne4 11. Bf4 Nb6 12. Rac1 Nd6 13. Bxd6 Qxd6 14. Nb5 Qd8 15. e3 Bd7 16. Ne5 Bxe5 17. dxe5 Nc4 18. Nd6 Nd2 19. Qxb7 Nxf1 20. Bxf1 Rb8 21. Qxa7 Rxb2 22. Rc7 Be8 23. a4 Qg5 24. Nxe8 Rxe8 25. Rxf7 Qxe5 26. Bb5 Rf8 27. Rxf8+ Kxf8 28. Qxh7 Qf6 29. Qh6+ Kg8 30. Qf4 Qxf4 31. gxf4 Kf7 32. Kg2 Kf6 33. Kf3 Ra2 34. Bd7 Ke7 35. Bb5 Kf6 36. Kg3 g5 37. fxg5+ Kxg5 38. h4+ Kf6 39. Kf3 e5 40. Bc6 Ke6 41. h5 d4 42. exd4 exd4 43.
Ke4 Kd6 44. Bb5 Kc5 45. f4 Rh2 46. f5 Rxh5 47. Ke5 Rh2 48. f6 Rf2 49. Ke6 Kb4 50.
f7 d3 51. Bxd3 Rxf7 52. Kxf7 Kxa4 1/2-1/2

[Event "*** Titled Tuesday Blitz"]
[Site "Chess.com"]
[Date "2018.01.02"]
[Round "4"]
[White "Keaton87"]
[Black "catalin009"]
[Result "0-1"]
[WhiteElo "2520"]
[BlackElo "2361"]
[TimeControl "180+2"]
[EndTime "13:53:01 PST"]
[Termination "catalin009 won by resignation"]

1. d4 Nf6 2. Bg5 Ne4 3. Bf4 c5 4. f3 Qa5+ 5. c3 Nf6 6. d5 Qb6 7. Bc1 e6 8. e4 exd5 9. exd5 d6 10. c4 Be7 11. Bd3 O-O 12. Ne2 Nbd7 13. f4 Re8 14. O-O Bf8 15. Nbc3 a6 16. b3 Qc7 17. h3 b5 18.
cxb5 Nb6 19. bxa6 Bxa6 20. Bxa6 Rxa6 21. Qd3 Qb7 22. Qb5 Rea8 23. Qc6 Qxc6 24. dxc6 Rc8 25. a4 Rxc6 26. Bb2 d5 27. Nb5 d4 28. Rfc1 Nbd5 29.
Kf2 Ne4+ 30. Kg1 Nd2 31. Ra3 Re6 32. Kf2 Ne4+ 33. Kg1 Nd2 34. Kf2 Nb4 35. Ke1 Ne4 36. Rd1 Ng3 37. Rd2 d3 38. Nc3 dxe2 39. Bc1 g6 40. Nxe2 Nxe2 41. Rxe2 Nc2+ 0-1

[Event "*** Titled Tuesday Blitz"]
[Site "Chess.com"]
[Date "2018.01.02"]
[Round "4"]
[White "TregubovP"]
[Black "bascheyaro"]
[Result "0-1"]
[WhiteElo "2517"]
[BlackElo "2565"]
[TimeControl "180+2"]
[EndTime "13:53:10 PST"]
[Termination "bascheyaro won by resignation"]

1. d4 d5 2. c4 c6 3. cxd5 cxd5 4. Bf4 Nc6 5. e3 Nf6 6. Nc3 e6 7. Bd3 Bd6 8. Bxd6 Qxd6 9. f4 O-O 10. Nf3 Bd7 11.
O-O Na5 12. Ne5 Rac8 13. Qe2 a6 14. Rf3 b5 15. Rh3 g6 16. a3 Nc4 17. Qf2 h5 18. Qh4 Kg7 19. Qg5 Be8 20. g4 Rh8 21. Be2 h4 22. Rxh4 Rxh4 23. Qxh4 Nxe3 24. g5 Ng8 25.
Bd3 Qb6 26. Ne2 Nf5 27. Qf2 a5 28. h4 Nge7 29. Kg2 Nc6 30. Bxf5 exf5 31. Rc1 b4 32. h5 bxa3 33. bxa3 Ne7 34. Rxc8 Nxc8 35. hxg6 fxg6 36. Qh4 Qb2 37. Qh6+ Kg8 38. Kf2 Ne7 39. Qh3 Bb5 40. Qe3 Bxe2 41. Qxe2 Qxa3 42. Nd7 Qd6 43. Nf6+ Kf7 44.
Kg3 a4 45. Qa2 a3 46. Qh2 Qb4 47. Qh7+ Ke6 48. Qh8 a2 49. Qa8 Qc3+ 50. Kg2 a1=Q 0-1

[Event "*** Titled Tuesday Blitz"]
[Site "Chess.com"]
[Date "2018.01.02"]
[Round "4"]
[White "aa175"]
[Black "BillForster"]
[Result "1-0"]
[WhiteElo "1904"]
[BlackElo "1514"]
[TimeControl "180+2"]
[EndTime "13:53:12 PST"]
[Termination "aa175 won on time"]

1. e4 c5 2. Nf3 a6 3. d4 cxd4 4. Nxd4 e5 5. Nf3 Nf6 6. Nxe5 Qa5+ 7. Bd2 Qxe5 8. Nc3 Be7 9. Bd3 O-O 10. O-O Nc6 11. Be3 Bc5 12. Nd5 Bxe3 13. Nxf6+ Qxf6 14. fxe3 Qe7 15. c3 d6 16. Qh5 Ne5 17. Be2 Be6 18. b3 f6 19. Qh4 Rac8 20. c4 Rc7 21. Rad1 f5 22. Qxe7 Rxe7 23. Rxd6 fxe4 24. Rxf8+ Kxf8 25. Rd8+ Kf7 26. Rd1 Bg4 27. Rf1+ Kg6 28. Bd1 Bxd1 29.
Rxd1 Ng4 30. Re1 Rd7 31. h3 Ne5 32. Re2 Rd1+ 33. Kh2 Rd3 34. Kg1 Kf6 35. Kf2 Ke6 36. Kg3 g6 37. Kf4 h6 38. Kxe4 Rd1 39. Rf2 Ra1 40.
g4 Rc1 41. Rd2 Rh1 42. Rd5 Nf7 43. Rd2 1-0

[Event "*** Titled Tuesday Blitz"]
[Site "Chess.com"]
[Date "2018.01.02"]
[Round "4"]
[White "Pirlo1"]
[Black "ramses135"]
[Result "0-1"]
[WhiteElo "2219"]
[BlackElo "2380"]
[TimeControl "180+2"]
[EndTime "13:53:16 PST"]
[Termination "ramses135 won on time"]

1. e4 e5 2. Nf3 Nc6 3. Bb5 Nge7 4. Nc3 g6 5. d4 exd4 6. Nd5 Nxd5 7. exd5 Qe7+ 8.
Kf1 Ne5 9. Nxd4 Bg7 10. h4 O-O 11. h5 d6 12. Be2 c5 13. dxc6 bxc6 14. Bf4 Bb7 15.
Qd2 d5 16. Re1 c5 17. Nf3 Nxf3 18. Bxf3 Qd7 19. c3 Rae8 20. Rxe8 Rxe8 21. hxg6 hxg6 22. g3 Qf5 23. Kg2 Bc6 24. Rd1 Rd8 25. Bg5 Rd7 26.
Qf4 Qxf4 27. Bxf4 Kf8 28. c4 dxc4 29. Rc1 Bxf3+ 30. Kxf3 Bxb2 31. Rxc4 Bd4 32. Be3 Ke7 33. Bxd4 cxd4 34. Ke2 Ke6 35. Kd3 Ke5 36. f4+ Kf5 37. Rc5+ Kg4 38. Rg5+ Kf3 39. f5 Rd6 40. g4 Kf4 41. fxg6 Kxg5 42. gxf7 Rf6 43. Kxd4 Rxf7 0-1

[Event "*** Titled Tuesday Blitz"]
[Site "Chess.com"]
[Date "2018.01.02"]
[Round "4"]
[White "Korchmar_Vasiliy"]
[Black "FairChess_on_YouTube"]
[Result "0-1"]
[WhiteElo "2531"]
[BlackElo "2748"]
[TimeControl "180+2"]
[EndTime "13:53:18 PST"]
[Termination "FairChess_on_YouTube won by resignation"]

1. d4 g6 2. e4 Bg7 3. Nc3 a6 4. f4 b5 5. Nf3 Bb7 6. Bd3 Nc6 7. Be3 Nb4 8. Be2 Nf6 9. a3 Nc6 10. e5 Ng4 11. Bg1 e6 12. h3 Nh6 13. g4 Ng8 14.
Bf2 h5 15. Rg1 hxg4 16. hxg4 Nge7 17. Qd2 Na5 18. O-O-O Nc4 19. Qe1 Nd5 20. Nxd5 Bxd5 21. Rh1 Qe7 22. Rxh8+ Bxh8 23. Bh4 Qf8 24. Ng5 d6 25.
Nh7 Qh6 26. Nf6+ Bxf6 27. Bxf6 Qxf4+ 28. Kb1 Kd7 29. Qh4 Qe3 30. Bxc4 bxc4 31. Qh7 Rb8 32. Qxf7+ Kc6 33. exd6 cxd6 34. Qa7 Rb6 35. Bd8 Rb7 36. Qxa6+ Kd7 37. Bb6 Qe2 38. Rc1 Ke7 39. c3 Kf6 40. Bd8+ Kg7 41. Bb6 Qxg4 42. a4 Qf4 43. Re1 Qd2 44.
Rg1 Qe3 45. Rf1 Qd3+ 46. Ka2 Qxf1 0-1